 Dungeon Crawl Stone Soup version 0.20.0-10-g0535bb4 (webtiles) character file.

5427 shinino the Cleaver (level 10, -5/90 (91) HPs)
             Began as a Hill Orc Summoner on June 6, 2017.
             Was a Priest of Beogh.
             Slain by a water moccasin (6 damage)
             ... on level 9 of the Dungeon.
             The game lasted 00:21:54 (13905 turns).

shinino the Cleaver (Hill Orc Summoner)            Turns: 13905, Time: 00:21:54

HP:   -5/90 (91)    AC: 12    Str: 15    XL:     10   Next: 67%
MP:   12/12         EV:  7    Int: 15    God:    Beogh [***...]
Gold: 398           SH:  0    Dex: 11    Spells: 9/12 levels left

rFire    . . .     SeeInvis .   a - +0 broad axe
rCold    + . .     Gourm    .   (no shield)
rNeg     . . .     Faith    +   m - +0 chain mail
rPois    +         Spirit   .   (helmet restricted)
rElec    .         Reflect  .   (no cloak)
rCorr    .         Harm     .   n - +0 pair of gloves
MR       .....                  (no boots)
Stlth    ..........             f - amulet of faith
Regen    0.0/turn               D - ring of protection from cold
MPRegen  0.2/turn               (no ring)

@: non-regenerating, diseased, drained
A: horns 1, blink, poison resistance, wild magic 1
a: Blink, Smiting, Renounce Religion


You were on level 9 of the Dungeon.
You worshipped Beogh.
Beogh was most pleased with you.
You were not hungry.

You visited 1 branch of the dungeon, and saw 9 of its levels.

You collected 506 gold pieces.
You spent 108 gold pieces at shops.

Inventory:

Hand Weapons
 a - a +0 broad axe (weapon)
 b - the +7 rapier of Zubunlob {venom, +Blink rPois Int+3 Dex-4}
   (You found it on level 8 of the Dungeon)

   It poisons the flesh of those it strikes.
   It affects your intelligence (+3).
   It affects your dexterity (-4).
   It protects you from poison.
   It lets you blink.
Armour
 d - a +0 helmet
 j - a +0 robe
 m - a +0 chain mail (worn)
 n - a +0 pair of gloves (worn)
Jewellery
 f - an amulet of faith (around neck)
 D - a ring of protection from cold (left hand)
 E - a +5 amulet of reflection {unknown}
Wands
 o - a wand of flame (13/48)
 p - a wand of iceblast (6/15)
 v - a wand of lightning (9/15)
 w - a wand of random effects (8/48)
 y - a wand of confusion (24/48)
Scrolls
 g - 4 scrolls of enchant weapon
 h - a scroll of amnesia
 i - 2 scrolls of immolation
 k - 2 scrolls of remove curse
 l - 3 scrolls of teleportation
 r - 3 scrolls of recharging
 t - 2 scrolls of enchant armour
 u - a scroll of silence
 x - a scroll of holy word
 B - a scroll of noise {unknown}
Potions
 e - a potion of might
 s - a potion of mutation
 C - a potion of lignification
Comestibles
 c - 10 bread rations
 q - 2 meat rations
 z - 5 chunks of flesh


   Skills:
 + Level 9.6(8.5) Fighting
 + Level 13.4(12.2) Axes
 + Level 8.5(7.5) Armour
 - Level 1.5(0.7) Dodging
 - Level 1.5(0.7) Stealth
 - Level 1.5(0.7) Spellcasting
 - Level 4.0(3.0) Summonings


You had 9 spell levels left.
You knew the following spells:

 Your Spells              Type           Power        Failure   Level  Hunger
a - Summon Small Mammal   Summ           ##..         78%         1    ##.....
b - Call Imp              Summ           ##......     89%         2    ###....


Dungeon Overview and Level Annotations

Branches:
Dungeon (9/15)             Temple (0/1) D:4            Lair (0/6) D:8
    Orc: D:9-12

Altars:
Cheibriados
Dithmenos
Elyvilon
Fedhas
Gozag
Kikubaaqudgha
Nemelex Xobeh
Trog
Uskayaw
Xom

Shops:
D:4 }   D:7 ?   D:9 }


Innate Abilities, Weirdness & Mutations

You have a pair of small horns on your head.
You can translocate small distances at will.
Your system is resistant to poisons. (rPois)
Your spells are a little harder to cast, but a little more powerful.


Message History

* * * LOW HITPOINT WARNING * * *
The yak bellows!
You hit the yak but do no damage. You headbutt the yak.
The yak is severely wounded.
The yak gores you.
* * * LOW HITPOINT WARNING * * *
A necrophage comes into view.
The necrophage hits you but does no damage.
The necrophage hits you.
* * * LOW HITPOINT WARNING * * *
A water moccasin comes into view.
The necrophage hits you.
* * * LOW HITPOINT WARNING * * *
You feel ill.
You feel your flesh rotting away! The water moccasin barely misses you.
The water moccasin bites you but does no damage.
The water moccasin bites you.
* * * LOW HITPOINT WARNING * * *
The water moccasin bites you.
You die...

## .###............# #.# .......
#..#............######.#
......####..#...................#
##....#.....#...##'####.........#
.#....+.........#.....#.........#
.#....#.........#....##.........#
.#....#.....8...#....#..........}
.#....#.........#'####.Y.........
.#....#...8.∩.8.@SY..Y......#####
.#....#..........n..Y.......#
.'....#.....8...............#
##....#####.................#
............)...............#
..........#######...........#
..........# #...........#
..........# #...........#
..........# #............


You could see 4 yaks, a water moccasin and a necrophage.

Vanquished Creatures
  A troll (D:9)
  Grinder (D:4)
  A spriggan (D:7)
  A basilisk (D:7)
  6 yaks
  2 porcupines (D:8)
  2 black bears (D:7)
  An orc warrior (D:9)
  2 sky beasts
  An ice beast (D:5)
  A necrophage (D:8)
  4 ogres
  A phantom (D:5)
  4 centaurs
  3 crocodiles (D:8)
  A bullfrog (D:7)
  A scorpion (D:8)
  8 wights
  3 howler monkeys
  3 electric eels (D:6)
  A bullfrog zombie (D:5)
  6 crimson imps
  4 jellies
  4 orc priests
  5 hounds
  2 bullfrog skeletons
  8 orc wizards
  9 worker ants
  4 gnolls
  A howler monkey skeleton (D:7)
  7 adders
  2 shadow imps
  3 oozes
  An adder skeleton (D:5)
  3 worms
  4 dart slugs
  7 leopard geckos
  13 orcs
  2 bats
  2 giant cockroaches
  6 goblins
  3 hobgoblins
  3 iguanas
  5 jackals
  6 kobolds
  3 quokkas
  A ball python (D:1)
  4 frilled lizards
  3 jackal skeletons
  A jackal zombie (D:5)
  A quokka skeleton (D:5)
  2 rats
173 creatures vanquished.

Vanquished Creatures (collateral kills)
  A jelly (D:4)
  A worker ant (D:4)
  4 gnolls (D:3)
  An adder (D:4)
  An orc (D:4)
  2 jackals (D:4)
  A kobold (D:1)
11 creatures vanquished.

Vanquished Creatures (others)
  An orc priest (D:9)
  A crimson imp (D:6)
  An adder (D:6)
  A dart slug (D:4)
  2 orcs
  A jackal zombie (D:6)
  A fungus (D:8)
  A plant (D:8)
9 creatures vanquished.

Grand Total: 193 creatures vanquished

Notes
Turn   | Place    | Note
-------+----------+-------------------------------------------
     0 | D:1      | shinino the Hill Orc Summoner began the quest for the Orb.
     0 | D:1      | Reached XP level 1. HP: 14/14 MP: 3/3
   177 | D:1      | Reached skill level 1 in Fighting
   410 | D:1      | Reached XP level 2. HP: 22/24 MP: 4/4
   461 | D:1      | Learned a level 2 spell: Call Imp
   926 | D:2      | Reached skill level 1 in Axes
  1233 | D:2      | Reached XP level 3. HP: 27/30 MP: 5/5
  1316 | D:2      | Reached skill level 2 in Axes
  1694 | D:3      | Reached skill level 3 in Axes
  1732 | D:2      | HP: 1/30 [adder (3)]
  1736 | D:2      | Reached XP level 4. HP: 11/37 MP: 6/6
  2693 | D:3      | Reached skill level 4 in Axes
  3057 | D:4      | Reached skill level 5 in Axes
  3057 | D:4      | Reached XP level 5. HP: 33/42 MP: 7/7
  3320 | D:4      | Noticed Grinder
  3341 | D:4      | Killed Grinder
  3341 | D:4      | Reached skill level 6 in Axes
  3341 | D:4      | Reached XP level 6. HP: 37/50 MP: 4/8
  3415 | D:4      | Reached skill level 7 in Axes
  3978 | D:4      | Found Xarhice's Gadget Boutique.
  4018 | D:4      | Found a staircase to the Ecumenical Temple.
  4305 | D:4      | Became a worshipper of Beogh the Brigand
  4655 | D:4      | Found a shimmering altar of Xom.
  4671 | D:4      | Reached skill level 8 in Axes
  5200 | D:4      | Reached XP level 7. HP: 44/56 MP: 9/9
  5606 | D:4      | Found a sparkling altar of Nemelex Xobeh.
  5607 | D:4      | Found an opulent altar of Gozag.
  5861 | D:5      | Entered Level 5 of the Dungeon
  5884 | D:5      | Reached skill level 9 in Axes
  6683 | D:5      | Reached skill level 10 in Axes
  6683 | D:5      | Reached skill level 1 in Armour
  6734 | D:5      | Found an opulent altar of Gozag.
  6898 | D:5      | Reached XP level 8. HP: 38/64 MP: 10/10
  7147 | D:5      | Reached * piety under Beogh
  7425 | D:5      | Found a snail-covered altar of Cheibriados.
  7426 | D:5      | Found a shadowy altar of Dithmenos.
  7997 | D:6      | HP: 2/66 [ogre/giant club (24)]
  8847 | D:6      | Reached skill level 5 in Fighting
  9474 | D:6      | Reached skill level 11 in Axes
  9671 | D:7      | Found a bloodstained altar of Trog.
  9681 | D:7      | Reached XP level 9. HP: 57/75 MP: 11/11
  9850 | D:7      | Reached skill level 5 in Armour
 10234 | D:7      | Found Cefitoi's Magic Scroll Shop.
 10251 | D:7      | Bought a scroll of identify for 24 gold pieces
 10251 | D:7      | Bought a scroll of teleportation for 36 gold pieces
 10251 | D:7      | Bought a scroll of identify for 24 gold pieces
 10251 | D:7      | Bought a scroll of identify for 24 gold pieces
 10298 | D:7      | Reached ** piety under Beogh
 11128 | D:7      | Found a blossoming altar of Fedhas.
 11426 | D:7      | Reached skill level 12 in Axes
 11992 | D:8      | Got a transparent rapier
 12038 | D:8      | Reached XP level 10. HP: 62/87 MP: 12/12
 12496 | D:7      | Identified the +7 rapier of Zubunlob {venom, +Blink rPois Int+3 Dex-4} (You found it on level 8 of the Dungeon)
 12548 | D:8      | Reached *** piety under Beogh
 12549 | D:8      | Found a staircase to the Lair.
 12794 | D:8      | Found a white marble altar of Elyvilon.
 12958 | D:9      | Reached skill level 13 in Axes
 12984 | D:9      | Found a hide-covered altar of Uskayaw.
 13049 | D:9      | Found a blossoming altar of Fedhas.
 13050 | D:9      | Found an ancient bone altar of Kikubaaqudgha.
 13202 | D:9      | Gained mutation: Your spells are a little harder to cast, but a little more powerful. [potion of mutation]
 13202 | D:9      | Gained mutation: Your system is resistant to poisons. (rPois) [potion of mutation]
 13202 | D:9      | Gained mutation: You have a pair of small horns on your head. [potion of mutation]
 13202 | D:9      | Gained mutation: You can translocate small distances at will. [potion of mutation]
 13723 | D:9      | Found Quhe's Gadget Emporium.
 13902 | D:9      | HP: 1/90 [water moccasin (6)]
 13905 | D:9      | Slain by a water moccasin

Skill      XL: |  1  2  3  4  5  6  7  8  9 10 |
---------------+-------------------------------+-----
Fighting       | 1 2 3 5 8 9 |  9.6
Axes           | 1 3 5 6 8 10 11 12 13 | 13.4
Armour         | 2 4 7 8 |  8.5
Dodging        | |  1.5
Stealth        | |  1.5
Spellcasting   | |  1.5
Summonings     | |  4.0

Action                   |  1- 3 |  4- 6 |  7- 9 | 10-12 || total
-------------------------+-------+-------+-------+-------++-------
Melee: Short sword       |    32 |       |       |       ||    32
       Hand axe          |    52 |    99 |   727 |       ||   878
       Broad axe         |       |       |    25 |   166 ||   191
       Headbutt          |       |       |       |     9 ||     9
 Cast: Summon Small Mamm |     2 |     1 |       |       ||     3
       Call Imp          |       |    15 |       |       ||    15
Invok: Convert to Beogh  |       |     1 |       |       ||     1
Evoke: Wand              |       |       |    14 |     1 ||    15
  Use: Scroll            |     1 |     3 |     7 |     2 ||    13
       Potion            |     3 |     1 |       |     5 ||     9
 Stab: Distracted        |       |     1 |       |       ||     1
  Eat: Chunk             |     2 |     8 |    22 |     6 ||    38
       Fruit             |       |     3 |       |       ||     3
       Royal jelly       |       |       |     1 |       ||     1
Armor: Robe              |    23 |     5 |       |       ||    28
       Chain mail        |       |    16 |   343 |    85 ||   444
Dodge: Dodged            |    63 |    52 |   163 |    64 ||   342
